 Dungeon Crawl Stone Soup version 0.28-a0-861-ge64d6db94f (webtiles) character file.

Game seed: 5290481968152298069

63 soylentgreeen202 the Caller (level 3, -3/24 HPs)
             Began as a Mummy Summoner on Nov 8, 2021.
             Slain by a bullfrog zombie (4 damage)
             ... on level 3 of the Dungeon on Nov 15, 2021.
             The game lasted 00:17:28 (3759 turns).

soylentgreeen202 the Caller (Mummy Summoner)        Turns: 3759, Time: 00:17:29

Health: -3/24      AC:  3    Str: 11    XL:     3   Next: 89%
Magic:  5/7        EV: 12    Int: 15    God:
Gold:   40         SH:  0    Dex: 12    Spells: 5/8 levels left

rFire   x . .      SeeInvis .   d - +0 spear
rCold   + . .      Faith    .   (no shield)
rNeg    + + +      Spirit   .   a - +1 robe
rPois   ∞          Reflect  .   (no helmet)
rElec   .          Harm     .   (no cloak)
rCorr   .          Rampage  .   (no gloves)
Will    .....                   (no boots)
Stlth   ++........              (no amulet)
HPRegen 0.08/turn               (no ring)
MPRegen 0.10/turn               (no ring)

@: no status effects
A: cold resistance 1, negative energy resistance 3, torment resistance 2, heat
vulnerability 1, no potions
a: no special abilities


You were on level 3 of the Dungeon.
You visited 1 branch of the dungeon, and saw 3 of its levels.

You collected 40 gold pieces.

Inventory:

Hand Weapons
 c - a +0 mace
 d - a +0 spear (weapon)
Missiles
 b - 102 stones
Armour
 a - a +1 robe (worn)
Scrolls
 e - a scroll of acquirement {unknown}
 f - a scroll of identify {unknown}


   Skills:
 - Level 2.0 Dodging
 - Level 1.5 Stealth
 - Level 0.5 Unarmed Combat
 - Level 3.0 Spellcasting
 + Level 4.2 Summonings


You had 5 spell levels left.
You knew the following spells:

 Your Spells              Type           Power      Damage    Failure   Level
a - Summon Small Mammal   Summ           56%        N/A       3%          1
b - Call Imp              Summ           14%        N/A       5%          2

Your spell library contained the following spells:

 Spells                   Type           Power      Damage    Failure   Level
 Call Canine Familiar     Summ           14%        N/A       11%         3
 Summon Guardian Golem    Hex/Summ       8%         N/A       26%         3
 Summon Lightning Spire   Summ/Air       8%         N/A       63%         4


Dungeon Overview and Level Annotations

Branches:
Dungeon (3/15)

Altars:


Innate Abilities, Weirdness & Mutations

You are immune to poison.
Your flesh is cold resistant. (rC+)
You are immune to negative energy. (rN+++)
You are immune to unholy pain and torment.
You are vulnerable to heat. (rF-)
You do not drink.


Message History

You reach to attack!
You hit the ball python.
You kill the ball python!
Welcome back, soylentgreeen202 the Mummy Summoner.
Press ? for a list of commands and other information.
(D) Dungeon
Where to? (? - help)
There is a stone staircase leading up here.
You climb upwards.
There is a stone staircase leading down here.
There is a stone staircase leading down here.
You climb downwards.
Found 20 stones.
There is a stone staircase leading up here.
b - 102 stones (gained 20)
A bullfrog zombie comes into view.
The bullfrog zombie closely misses you.
You hit the bullfrog zombie.
The bullfrog zombie is lightly damaged.
The bullfrog zombie hits you.
You hit the bullfrog zombie.
The bullfrog zombie is lightly damaged.
The bullfrog zombie hits you but does no damage.
The bullfrog zombie hits you.
You hit the bullfrog zombie.
The bullfrog zombie is moderately damaged.
The bullfrog zombie hits you.
You hit the bullfrog zombie.
The bullfrog zombie is moderately damaged.
The bullfrog zombie barely misses you. The bullfrog zombie hits you.
You closely miss the bullfrog zombie.
The bullfrog zombie is moderately damaged.
The bullfrog zombie hits you.
* * * LOW HITPOINT WARNING * * *
Cast which spell? (? or * to list)
A beastly little devil appears in a puff of flame.
The bullfrog zombie hits you.
* * * LOW HITPOINT WARNING * * *
Your crimson imp hits the bullfrog zombie.
The bullfrog zombie hits you.
You die...

#.# .# #.#. .# .
#.#.###.# .##.####.#
..#.# .......<.#
#.#.#####
..#......###.......#
...................#
.#####.######......#
#.......@.....#
..######Z.....# ...
#.5....# ....
#......# ...
#......# #......#
#......# #......#
#......#


You could see a bullfrog zombie (ally target) and a friendly crimson imp
(summoned).

Vanquished Creatures
  An adder (D:2)
  A dart slug (D:2)
  7 bats
  2 goblins (D:2)
  2 ball pythons (D:3)
  3 rats
16 creatures vanquished.

Vanquished Creatures (collateral kills)
  An adder (D:2)
  A worm (D:1)
  2 dart slugs
  2 ball pythons (D:2)
  2 bats
  4 endoplasms
  2 goblins (D:2)
  A hobgoblin (D:1)
  A quokka (D:1)
  2 kobolds
  5 rats (D:1)
23 creatures vanquished.

Grand Total: 39 creatures vanquished

Notes
Turn   | Place    | Note
-------+----------+-------------------------------------------
     0 | D:1      | soylentgreeen202 the Mummy Summoner began the quest for the
                  | Orb.
     0 | D:1      | Reached XP level 1. HP: 13/13 MP: 4/4
  1102 | D:1      | Noticed an eye of devastation
  1110 | D:1      | Found a faded altar of an unknown god.
  1114 | D:1      | Noticed a floating eye
  1114 | D:1      | Noticed a golden eye
  1114 | D:1      | Noticed a great orb of eyes
  1124 | D:1      | Reached XP level 2. HP: 19/19 MP: 6/6
  1894 | D:2      | Learned a level 2 spell: Call Imp
  2067 | D:2      | Reached XP level 3. HP: 3/24 MP: 1/7
  2347 | D:2      | Reached skill level 4 in Summonings
  3665 | D:3      | Upgraded the game from 0.28-a0-819-g6ef7baa362 to
                  | 0.28-a0-823-gb444dcf96d
  3665 | D:3      | Upgraded the game from 0.28-a0-823-gb444dcf96d to
                  | 0.28-a0-850-g09de17f5b5
  3665 | D:3      | Upgraded the game from 0.28-a0-850-g09de17f5b5 to
                  | 0.28-a0-851-g8b9cc49659
  3694 | D:3      | Upgraded the game from 0.28-a0-851-g8b9cc49659 to
                  | 0.28-a0-861-ge64d6db94f
  3758 | D:3      | HP: 1/24 [bullfrog zombie (5)]
  3759 | D:3      | Slain by a bullfrog zombie

Illustrated notes

Levels and vault maps discovered:
D:1:      dpeg_arrival_ratfight, layout_basic,
          hellmonk_ecumenical_altar_watching_god
D:2:      layout_loops_ring, hangedman_decor_lopped, minivault_4
D:3:      layout_basic

Skill      XL: |  1  2  3 |
---------------+----------+-----
Spellcasting   | 3 |  3.0
Summonings     | 4 |  4.2
Dodging        | 2 |  2.0
Stealth        | |  1.5
Unarmed Combat | |  0.5

Action                   || total
-------------------------++-------
Melee: Unarmed           ||    11
       Mace              ||     7
       Spear             ||    79
 Cast: Summon Small Mamm ||    39
       Call Imp          ||    11
  Use: Scroll            ||     1
 Stab: Sleeping          ||     1
Armor: Robe              ||    27
Dodge: Dodged            ||    77

Table legend: (Time is in decaauts)
 A = Elapsed time spent in this place.
 B = Non-inter-level travel time spent in this place.
 C = Inter-level travel time spent in this place.
 D = Time resting spent in this place.
 E = Time spent auto-exploring this place.
 F = Levels seen in this place.
 G = Mean time per level.
                   A        B        C        D        E       F      G
               +--------+--------+--------+--------+--------+-----+--------+
         Total |   3772 |   3625 |    147 |   1888 |    843 |   3 | 1257.3 |
       Dungeon |   3772 |   3625 |    147 |   1888 |    843 |   3 | 1257.3 |
               +--------+--------+--------+--------+--------+-----+--------+

Top non-repeatable levels by time:
     D:1: 1999 daAuts
     D:2: 1677 daAuts
     D:3: 95 daAuts
